 Dungeon Crawl Stone Soup version 0.22.1-6-g1668fe2c40 (webtiles) character file.

273 Rediskos the Magician (level 6, -2/44 HPs)
             Began as a Gnoll Wizard on Jan 16, 2019.
             Was an Initiate of Ashenzari.
             Killed by divine providence
             ... invoked by an orc priest
              (10 damage)
             ... on level 4 of the Dungeon.
             The game lasted 00:11:13 (3710 turns).

Rediskos the Magician (Gnoll Wizard)                Turns: 3710, Time: 00:11:14

Health: -2/44      AC:  3    Str: 10    XL:     6   Next: 24%
Magic:  6/16       EV: 14    Int: 22    God:    Ashenzari [......]
Gold:   170        SH:  0    Dex: 13    Spells: 8/19 levels left

rFire    . . .     SeeInvis .   v - +0 dagger (holy)
rCold    . . .     Gourm    .   (no shield)
rNeg     . . .     Faith    .   a - +0 robe
rPois    +         Spirit   .   u - +0 helmet
rElec    .         Reflect  .   t - scarf {cloud immunity}
rCorr    .         Harm     .   (no gloves)
MR       .....                  (no boots)
Stlth    +++.......             (no amulet)
HPRegen  0.14/turn              h - ring of poison resistance (curse)
MPRegen  0.15/turn              (no ring)

@: no status effects
A: distributed training, fangs 1, strong nose
a: Curse Item, Renounce Religion


You were on level 4 of the Dungeon.
You worshipped Ashenzari.
Ashenzari was noncommittal.
You were not hungry.

You visited 1 branch of the dungeon, and saw 4 of its levels.

You collected 170 gold pieces.

Inventory:

Hand Weapons
 v - a +0 dagger of holy wrath (weapon)
Armour
 a - a +0 robe (worn)
 e - a +0 buckler
 t - a scarf of cloud immunity (worn)
 u - a +0 helmet (worn)
Jewellery
 h - a cursed ring of poison resistance (left hand)
Scrolls
 f - a scroll of random uselessness
 i - a scroll of teleportation
 l - a scroll of amnesia {unknown}
 q - a scroll of fear {unknown}
Potions
 c - 2 potions of curing
 g - a potion of magic
 j - a potion of berserk rage
 m - a potion of degeneration {unknown}
 n - a potion of might {unknown}
 o - a potion of haste {unknown}
 p - a potion of invisibility {unknown}
 s - a potion of lignification {unknown}
Comestibles
 b - a chunk of flesh
 d - 5 rations


   Skills:
 + Level 1.8 Fighting
 + Level 1.8 Short Blades
 + Level 1.8 Long Blades
 + Level 1.8 Axes
 + Level 1.8 Maces & Flails
 + Level 1.8 Polearms
 + Level 1.8 Staves
 + Level 1.8 Slings
 + Level 1.8 Bows
 + Level 1.8 Crossbows
 + Level 1.8 Throwing
 + Level 1.8 Armour
 + Level 4.9 Dodging
 + Level 4.5 Stealth
 + Level 1.8 Shields
 + Level 1.8 Unarmed Combat
 + Level 7.4 Spellcasting
 + Level 2.5 Conjurations
 + Level 1.4 Hexes
 + Level 1.4 Charms
 + Level 2.5 Summonings
 + Level 1.4 Necromancy
 + Level 2.5 Translocations
 + Level 1.4 Transmutations
 + Level 1.4 Fire Magic
 + Level 1.4 Ice Magic
 + Level 1.4 Air Magic
 + Level 1.4 Earth Magic
 + Level 1.4 Poison Magic
 + Level 2.0 Invocations
 + Level 1.8 Evocations


You had 8 spell levels left.
You knew the following spells:

 Your Spells              Type           Power        Failure   Level  Hunger
a - Magic Dart            Conj           ###.         2%          1    None
b - Blink                 Tloc           N/A          4%          2    None
d - Conjure Flame         Conj/Fire      ###.....     11%         3    None
q - Mephitic Cloud        Conj/Pois/Air  ###.....     11%         3    None
s - Call Imp              Summ           ###.....     4%          2    None

Your spell library contained the following spells:

 Spells                   Type           Power        Failure   Level  Hunger
 Slow                     Hex            ##......     7%          2    None


Dungeon Overview and Level Annotations

Branches:
Dungeon (4/15)
 Temple: D:4-7

Altars:
Ashenzari


Innate Abilities, Weirdness & Mutations

Your experience applies equally to all skills.
You have very sharp teeth.
Your uncanny sense of smell can sniff out nearby items.


Message History

The orc priest looks satisfied for a moment.
Your crimson imp barely misses the bullfrog skeleton.
The bullfrog skeleton hits your white imp.
Your white imp dies!
Your crimson imp hits the bullfrog skeleton.
The bullfrog skeleton misses your crimson imp.
Your crimson imp closely misses the bullfrog skeleton.
The orc wizard hits your crimson imp with a dagger.
The orc priest misses your crimson imp.
The orc priest hits your crimson imp with a hand axe.
Your crimson imp hits the orc priest.
The bullfrog skeleton barely misses your crimson imp.
Your crimson imp barely misses the bullfrog skeleton.
The orc wizard gestures at you while chanting.
The magic dart hits your crimson imp.
Your crimson imp dies!
The bullfrog skeleton closely misses your crimson imp.
The orc priest calls down the wrath of Beogh upon you.
Beogh smites you!
You die...

ยง##.#####'##########
#...o........#
#...o........# ...
#....5Z......# .....
#............# .....
#............# #.....
#............#####....
########...........######
#..@........#....#
#...........#....#
#...........#....#
#...........#....#
#...........##'#####
#...................
#.................<.
#...................
######..............


You could see an orc priest, an orc wizard, a bullfrog skeleton and a friendly
crimson imp.

Vanquished Creatures
  A quasit (D:3)
  2 orc priests (D:3)
  An orc wizard (D:3)
  A worker ant (D:4)
  6 adders
  A leopard gecko (D:1)
  6 orcs
  A ball python (D:3)
  4 bats
  4 giant cockroaches
  8 goblins
  6 hobgoblins
  7 jackals (D:2)
  A quokka (D:3)
  3 frilled lizards
  9 kobolds
  9 rats
70 creatures vanquished.

Vanquished Creatures (collateral kills)
  An adder (D:3)
  A worm (D:3)
  A jackal (D:2)
3 creatures vanquished.

Grand Total: 73 creatures vanquished

Notes
Turn   | Place    | Note
-------+----------+-------------------------------------------
     0 | D:1      | Rediskos the Gnoll Wizard began the quest for the Orb.
     0 | D:1      | Reached XP level 1. HP: 13/13 MP: 8/8
   345 | D:1      | Reached XP level 2. HP: 19/19 MP: 8/10
   682 | D:1      | Learned a level 2 spell: Blink
   685 | D:1      | Learned a level 2 spell: Call Imp
   936 | D:2      | Reached XP level 3. HP: 25/25 MP: 6/11
   941 | D:2      | Learned a level 3 spell: Conjure Flame
   945 | D:2      | Learned a level 3 spell: Mephitic Cloud
  1356 | D:2      | Reached skill level 1 in Invocations
  1677 | D:2      | Reached skill level 1 in Fighting
  1677 | D:2      | Reached skill level 1 in Short Blades
  1677 | D:2      | Reached skill level 1 in Long Blades
  1677 | D:2      | Reached skill level 1 in Axes
  1677 | D:2      | Reached skill level 1 in Maces & Flails
  1677 | D:2      | Reached skill level 1 in Polearms
  1677 | D:2      | Reached skill level 1 in Staves
  1677 | D:2      | Reached skill level 1 in Slings
  1677 | D:2      | Reached skill level 1 in Bows
  1677 | D:2      | Reached skill level 1 in Crossbows
  1677 | D:2      | Reached skill level 1 in Throwing
  1677 | D:2      | Reached skill level 1 in Armour
  1677 | D:2      | Reached skill level 1 in Shields
  1677 | D:2      | Reached skill level 1 in Unarmed Combat
  1677 | D:2      | Reached skill level 1 in Evocations
  1737 | D:2      | Reached XP level 4. HP: 32/32 MP: 8/13
  2059 | D:3      | Reached skill level 1 in Hexes
  2059 | D:3      | Reached skill level 1 in Charms
  2059 | D:3      | Reached skill level 1 in Necromancy
  2059 | D:3      | Reached skill level 1 in Transmutations
  2059 | D:3      | Reached skill level 1 in Fire Magic
  2059 | D:3      | Reached skill level 1 in Ice Magic
  2059 | D:3      | Reached skill level 1 in Air Magic
  2059 | D:3      | Reached skill level 1 in Earth Magic
  2059 | D:3      | Reached skill level 1 in Poison Magic
  2206 | D:3      | Found a shattered altar of Ashenzari.
  2230 | D:3      | Reached XP level 5. HP: 30/37 MP: 1/14
  2235 | D:3      | Became a worshipper of Ashenzari the Shackled
  3359 | D:3      | Reached XP level 6. HP: 26/44 MP: 8/16
  3710 | D:4      | Killed from afar by an orc priest

Skill      XL: |  1  2  3  4  5  6 |
---------------+-------------------+-----
Conjurations   | 2 |  2.5
Summonings     | 2 |  2.5
Translocations | 2 |  2.5
Invocations    | 1 2 |  2.0
Fighting       | 1 |  1.8
Short Blades   | 1 |  1.8
Long Blades    | 1 |  1.8
Axes           | 1 |  1.8
Maces & Flails | 1 |  1.8
Polearms       | 1 |  1.8
Staves         | 1 |  1.8
Slings         | 1 |  1.8
Bows           | 1 |  1.8
Crossbows      | 1 |  1.8
Throwing       | 1 |  1.8
Armour         | 1 |  1.8
Shields        | 1 |  1.8
Unarmed Combat | 1 |  1.8
Evocations     | 1 |  1.8
Hexes          | 1 |  1.4
Charms         | 1 |  1.4
Necromancy     | 1 |  1.4
Transmutations | 1 |  1.4
Fire Magic     | 1 |  1.4
Ice Magic      | 1 |  1.4
Air Magic      | 1 |  1.4
Earth Magic    | 1 |  1.4
Poison Magic   | 1 |  1.4
Dodging        | |  4.9
Stealth        | |  4.5
Spellcasting   | |  7.4

Action                   |  1- 3 |  4- 6 || total
-------------------------+-------+-------++-------
Melee: Short sword       |     9 |     8 ||    17
       Bite              |     1 |       ||     1
       Dagger            |       |     6 ||     6
 Cast: Magic Dart        |    63 |   102 ||   165
       Conjure Flame     |     1 |     3 ||     4
       Mephitic Cloud    |     1 |     3 ||     4
       Call Imp          |       |    11 ||    11
       Blink             |       |     1 ||     1
Invok: Curse Item        |       |     1 ||     1
  Use: Scroll            |     1 |     8 ||     9
  Eat: Chunk             |     2 |     6 ||     8
Armor: Robe              |     3 |    11 ||    14
Dodge: Dodged            |     8 |    39 ||    47
